AoeStats
← beneath mariana

African Clearing

504798192Analyzed
4v4 RM · 25d ago on Sep 6, 2026· 60m 47s· 8 players
Game mode
Random Map
Map size
Large (8 player)
Population
200
Speed
Normal
Resources
Standard
Victory
Conquest
Starting age
Dark Age
Ending age
Imperial Age
RankedLock teamsTeams togetherTeam positionsShared explorationLock speedFull tech treeHidden civsTurbo modeCheats
Victory
Defeat
🇨🇦 Vietnamese · Canada
1711
+10
🇮🇩 Italians · Indonesia
1592
+15
🇦🇺 Slavs · Australia
1524
+18
🇨🇳 Inca · China
1456
+19
🇪🇸 Teutons · Spain
1600
-17
🇨🇳 Aztecs · China
1571
-16
🇪🇸 Burgundians · Spain
1555
-15
🇦🇷 Japanese · Argentina
1533
-14
Asator
6:49 Loom
14:57 Feudal Age
18:29 Castle Age
18:59 Double-Bit Axe
20:22 Gold Mining
21:02 Bow Saw
22:19 Fletching
23:01 Town Watch
24:24 Bodkin Arrow
26:05 Padded Archer Armor
27:41 Pikeman
32:04 Fishing Lines
33:25 Horse Collar
35:06 Ballistics
41:06 Imperial Age
39:06 Bloodlines
38:58 Gillnets
39:39 Squires
39:59 Husbandry
40:48 Scale Mail Armor
41:42 Wheelbarrow
41:19 Thumb Ring
41:15 Halberdier
43:13 Kataparuto
43:46 Chain Mail Armor
43:36 Bracer
44:11 Conscription
45:02 Plate Mail Armor
47:04 Chemistry
46:54 Parthian Tactics
47:46 Forging
50:49 Iron Casting
50:30 Leather Archer Armor
51:40 Heavy Cavalry Archer
52:42 Elite Samurai
55:06 Hand Cart
55:12 Elite Skirmisher
57:15 Blast Furnace
60:06 Ring Archer Armor
59:55 Masonry
Vlad von Carstein
11:05 Loom
13:17 Feudal Age
14:00 Town Watch
17:10 Castle Age
20:01 Fletching
31:48 Double-Bit Axe
33:41 Wheelbarrow
39:47 Bow Saw
39:28 Gold Mining
39:21 Horse Collar
39:54 Pikeman
40:35 Squires
42:54 Hand Cart
42:43 Heavy Plow
42:51 Scale Barding Armor
43:37 Gold Mining
44:10 Chain Barding Armor
47:26 Imperial Age
45:41 Bloodlines
46:10 Forging
47:32 Iron Casting
48:42 Plate Barding Armor
47:29 Cavalier
48:36 Conscription
48:50 Ironclad
49:11 Guilds
啥牌子的
4:05 Loom
osnolA odnanreF
6:14 Double-Bit Axe
11:51 Loom
13:36 Feudal Age
12:47 Fishing Lines
15:11 Bow Saw
17:46 Castle Age
16:11 Gillnets
22:25 Stone Mining
23:45 Scale Mail Armor
24:29 Forging
26:00 Fletching
29:33 Horse Collar
32:29 Imperial Age
30:51 Scale Barding Armor
32:53 Iron Casting
33:51 Chain Barding Armor
34:28 Conscription
35:21 Blast Furnace
35:19 Plate Barding Armor
34:56 Bodkin Arrow
38:21 Capped Ram
39:55 Plate Barding Armor
40:33 Gold Mining
40:43 Heavy Plow
41:19 Stone Shaft Mining
41:04 Man-at-Arms
41:57 Bracer
41:44 Elite Coustillier
44:01 Long Swordsman
45:35 Two-Handed Swordsman
48:19 Town Watch
49:10 Wheelbarrow
50:09 Chemistry
49:42 Burgundian Vineyards
49:44 Padded Archer Armor
50:58 Masonry
58:31 Leather Archer Armor
58:15 Cavalier
58:56 Husbandry
59:36 Paladin
JOEMAMADRAGONDN
9:41 Loom
12:38 Feudal Age
16:39 Castle Age
15:15 Double-Bit Axe
19:28 Wheelbarrow
19:20 Fletching
22:27 Bow Saw
29:10 Fishing Lines
30:24 Ballistics
30:48 Bodkin Arrow
33:37 Padded Archer Armor
35:04 Leather Archer Armor
37:32 Stone Mining
40:36 Gold Mining
41:21 Stone Shaft Mining
46:32 Fortified Wall
47:40 Horse Collar
48:18 Hand Cart
50:19 Town Watch
54:11 Imperial Age
51:50 Thumb Ring
53:30 Coinage
53:16 Scale Barding Armor
53:21 Forging
53:52 Chatras
54:43 Bloodlines
54:34 Husbandry
54:55 Chain Barding Armor
55:01 Elite Battle Elephant
56:22 Plate Barding Armor
56:17 Heavy Plow
57:31 Iron Casting
57:08 Treadmill Crane
57:24 Murder Holes
beneath mariana
9:04 Loom
11:34 Loom
20:16 Feudal Age
25:19 Castle Age
23:45 Town Watch
23:48 Horse Collar
24:33 Double-Bit Axe
25:16 Gold Mining
26:59 Bow Saw
29:33 Heavy Plow
31:00 Forging
31:43 Stone Mining
33:24 Wheelbarrow
33:51 Forging
33:42 Scale Mail Armor
36:10 Fortified Wall
35:53 Town Watch
37:51 Iron Casting
38:05 Hand Cart
39:11 Gold Shaft Mining
42:20 Imperial Age
40:59 Chain Mail Armor
41:51 Fletching
42:31 Ballistics
42:22 Masonry
43:40 Conscription
42:40 Elite Kamayuk
43:41 Guilds
44:02 Plate Mail Armor
43:37 Squires
43:24 Arson
46:15 Blast Furnace
45:50 Fabric Shields
46:42 Bodkin Arrow
46:48 Padded Archer Armor
48:03 Crop Rotation
48:09 Stone Shaft Mining
47:36 Bracer
48:34 Coinage
49:09 Leather Archer Armor
48:17 Elite Skirmisher
50:06 Chemistry
49:04 Murder Holes
50:24 Ring Archer Armor
50:02 Thumb Ring
50:30 Banking
50:14 Imperial Skirmisher
52:50 Hoardings
53:52 Guard Tower
53:47 Arrowslits
58:08 Andean Sling
60:19 Keep
59:15 Champi Runner
59:16 Pikeman
59:54 Champi Warrior
60:20 Halberdier
OM | Flare
3:33 Loom
12:14 Feudal Age
12:51 Double-Bit Axe
13:52 Forging
23:45 Castle Age
23:36 Bloodlines
23:36 Scale Barding Armor
23:56 Light Cavalry
26:01 Chain Barding Armor
26:40 Fletching
29:56 Horse Collar
31:04 Bow Saw
31:10 Heavy Plow
31:59 Detinets
36:31 Iron Casting
38:20 Wheelbarrow
41:09 Imperial Age
39:38 Husbandry
42:18 Hand Cart
41:33 Elite Boyar
42:51 Plate Barding Armor
44:56 Blast Furnace
43:56 Heavy Scorpion
47:56 Masonry
49:14 Ballistics
54:06 Siege Engineers
56:04 Chemistry
58:24 Hussar
60:45 Hoardings
60:11 Bodkin Arrow
Embege
3:52 Loom
5:43 Loom
12:09 Feudal Age
14:38 Scale Barding Armor
18:45 Forging
20:11 Bloodlines
21:16 Horse Collar
21:23 Double-Bit Axe
25:25 Castle Age
25:45 Light Cavalry
26:25 Husbandry
40:47 Bow Saw
43:02 Gold Mining
44:10 Wheelbarrow
43:41 Heavy Plow
43:40 Stone Mining
45:54 Hand Cart
46:33 Stone Shaft Mining
46:25 Fletching
46:35 Padded Archer Armor
50:02 Imperial Age
47:57 Bodkin Arrow
48:18 Leather Archer Armor
48:24 Leather Archer Armor
49:25 Ballistics
48:46 Treadmill Crane
49:26 Thumb Ring
51:42 Chemistry
51:21 Conscription
52:16 Bracer
53:01 Hoardings
55:03 Two-Man Saw
54:44 Elite Genoese Crossbowman
55:58 Ring Archer Armor
57:30 Arrowslits
58:07 Bombard Tower
Connection lost

Rejoining the realm…

Still unreachable

The connection could not be restored.

Session expired

The server has moved on; the page needs a fresh start.